 Dungeon Crawl Stone Soup version 0.24-a0-271-ga0fc33f (webtiles) character file.

Game seed: 8886954303473132628

2286 Laiders72 the Shield-Bearer (level 9, -9/111 HPs)
             Began as a Gnoll Fighter on Apr 24, 2019.
             Was a Follower of Ashenzari.
             Mangled by Harold
             ... wielding the +11 spear of Action {pierce, -Tele +Fly MP+9 Stlth+}
              (19 damage)
             ... on level 7 of the Dungeon.
             The game lasted 00:18:32 (5563 turns).

Laiders72 the Shield-Bearer (Gnoll Fighter)         Turns: 5563, Time: 00:18:32

Health: -9/111     AC: 13    Str: 25    XL:     9   Next: 39%
Magic:  15/15      EV: 16    Int: 10    God:    Ashenzari [*.....]
Gold:   336        SH: 12    Dex: 22    Spells: 16/16 levels left

rFire    + . .     SeeInvis .   G - +5 flail
rCold    . . .     Gourm    .   c - +0 shield
rNeg     . . .     Faith    .   A - +2 scale mail {rF+}
rPois    +         Spirit   .   t - +0 helmet
rElec    .         Reflect  .   (no cloak)
rCorr    .         Harm     .   g - +0 pair of gloves
MR       .....                  h - +0 pair of boots
Stlth    ..........             (no amulet)
HPRegen  0.28/turn              x - ring of poison resistance (curse)
MPRegen  0.14/turn              (no ring)

@: agile, berserking (expiring), lightly drained, very quick
A: distributed training, fangs 1, strong nose
a: Curse Item, Scrying, Renounce Religion


You were on level 7 of the Dungeon.
You worshipped Ashenzari.
Ashenzari was aware of your devotion.
You were hungry.

You visited 1 branch of the dungeon, and saw 7 of its levels.

You collected 336 gold pieces.

Inventory:

Hand Weapons
 a - a +0 war axe
 b - a +0 hunting sling
 G - a +5 flail (weapon)
Missiles
 j - 5 javelins (quivered)
 s - a throwing net
 y - 53 sling bullets
Armour
 c - a +0 shield (worn)
 g - a +0 pair of gloves (worn)
 h - a +0 pair of boots (worn)
 t - a +0 helmet (worn)
 A - a +2 scale mail of fire resistance (worn)
Jewellery
 x - a cursed ring of poison resistance (left hand)
Wands
 w - a wand of acid (8)
 J - a wand of iceblast (7)
Scrolls
 e - 3 scrolls of amnesia {unknown}
 i - a scroll of remove curse
 p - a scroll of enchant armour {unknown}
 r - a scroll of teleportation {unknown}
 z - a scroll of noise {unknown}
 C - a scroll of magic mapping {unknown}
 I - a scroll of fog {unknown}
Potions
 d - a potion of might
 k - 6 potions of curing
 l - a potion of lignification
 m - a potion of resistance {unknown}
 u - 3 potions of haste
 v - a potion of ambrosia {unknown}
 B - a potion of brilliance {unknown}
 D - a potion of mutation {unknown}
 E - a potion of heal wounds {unknown}
 F - a potion of degeneration {unknown}
Comestibles
 f - 9 rations


   Skills:
 + Level 7.8(7.3) Fighting
 + Level 4.1(3.6) Short Blades
 + Level 4.1(3.6) Long Blades
 + Level 6.2(5.7) Axes
 + Level 4.1(3.6) Maces & Flails
 + Level 4.1(3.6) Polearms
 + Level 4.1(3.6) Staves
 + Level 4.1(3.6) Slings
 + Level 4.1(3.6) Bows
 + Level 4.1(3.6) Crossbows
 + Level 4.1(3.6) Throwing
 + Level 7.8(7.3) Armour
 + Level 4.1(3.6) Dodging
 + Level 4.1(3.6) Stealth
 + Level 7.8(7.3) Shields
 + Level 4.1(3.6) Unarmed Combat
 + Level 4.1(3.6) Spellcasting
 + Level 3.4(2.9) Conjurations
 + Level 3.4(2.9) Hexes
 + Level 3.4(2.9) Charms
 + Level 3.4(2.9) Summonings
 + Level 3.4(2.9) Necromancy
 + Level 3.4(2.9) Translocations
 + Level 3.4(2.9) Transmutations
 + Level 3.4(2.9) Fire Magic
 + Level 3.4(2.9) Ice Magic
 + Level 3.4(2.9) Air Magic
 + Level 3.4(2.9) Earth Magic
 + Level 3.4(2.9) Poison Magic
 + Level 4.5(4.0) Invocations
 + Level 4.1(3.6) Evocations


You had 16 spell levels left.
You didn't know any spells.
Your spell library contained the following spells:

 Spells                   Type           Power        Failure   Level  Hunger
 Summon Small Mammal      Summ           #...         43%         1    #......
 Call Imp                 Summ           #.......     56%         2    ###....
 Call Canine Familiar     Summ           #.......     80%         3    ###....
 Summon Guardian Golem    Hex/Summ       #.......     80%         3    ###....
 Summon Ice Beast         Ice/Summ       #.......     99%         4    #####..
 Summon Lightning Spire   Summ/Air       #.......     99%         4    #####..


Dungeon Overview and Level Annotations

Branches:
Dungeon (7/15)             Temple (0/1) D:5

Altars:
Ashenzari
Dithmenos
Kikubaaqudgha
Makhleb
Qazlal
Ru
Xom
Yredelemnul
Zin

Annotations:
D:7 Harold


Innate Abilities, Weirdness & Mutations

Your experience applies equally to all skills.
You have very sharp teeth.
Your uncanny sense of smell can sniff out nearby items.


Message History

The wight misses you.
A red film seems to cover your vision as you go berserk!
You feel yourself moving faster!
You feel mighty! You block the bullfrog's attack.
Harold hits you from afar with the +11 spear of Action {pierce, -Tele +Fly MP+9 Stlth+}!
* * * LOW HITPOINT WARNING * * *
x2 You block the bullfrog's attack.
You feel a strong urge to attack something.
You block the wight's attack. Harold misses you.
You hit Harold. You bite Harold.
Harold is lightly wounded.
The bullfrog completely misses you.
Harold hits you with the +11 spear of Action {pierce, -Tele +Fly MP+9 Stlth+}.
* * * LOW HITPOINT WARNING * * *
x2 The wight closely misses you.
You sock Harold!
Harold is lightly wounded.
You block the bullfrog's attack.
Harold hits you with the +11 spear of Action {pierce, -Tele +Fly MP+9 Stlth+}!!
You die...

#......#.........##
...##...))..#...##
#......)#.#.###
....#....)..#.. #..
##....####.# ..
##.(.## .#
...##....#####.#
.......zF.....$.
..#...@@....##..
......##.#.##
....H# #...# ...##
##.... ... .?....
.# ...... .....#
....#


You could see Harold, a hippogriff, a bullfrog and a wight.

Vanquished Creatures
  The ghost of Borgoz the Slicer, a novice KoGl of Ashenzari (D:7)
  3 water moccasins
  An orc warrior (D:6)
  A sky beast (D:6)
  A phantom (D:6)
  A centaur (D:3)
  3 scorpions
  A howler monkey (D:4)
  7 wights
  A crimson imp (D:7)
  A centaur zombie (D:6)
  A quasit (D:6)
  A bullfrog zombie (D:6)
  A jelly (D:5)
  A gnoll shaman (D:6)
  2 hounds
  A bullfrog skeleton (D:4)
  An iguana (D:6)
  2 orc wizards
  2 worker ants
  13 gnolls
  4 adders
  A shadow imp (D:5)
  2 oozes (D:3)
  2 adder skeletons
  3 worms
  2 dart slugs
  2 leopard geckos
  15 orcs
  4 giant cockroaches
  11 goblins
  4 hobgoblins
  6 jackals
  4 bats
  5 frilled lizards
  8 kobolds
  A leopard gecko skeleton (D:6)
  4 rats
124 creatures vanquished.

Notes
Turn   | Place    | Note
-------+----------+-------------------------------------------
     0 | D:1      | Laiders72 the Gnoll Fighter began the quest for the Orb.
     0 | D:1      | Reached XP level 1. HP: 23/23 MP: 1/1
   108 | D:1      | Reached XP level 2. HP: 26/29 MP: 2/2
   811 | D:2      | Reached XP level 3. HP: 35/35 MP: 3/3
   878 | D:2      | Reached skill level 1 in Invocations
   880 | D:2      | Reached skill level 1 in Short Blades
   880 | D:2      | Reached skill level 1 in Long Blades
   880 | D:2      | Reached skill level 1 in Maces & Flails
   880 | D:2      | Reached skill level 1 in Polearms
   880 | D:2      | Reached skill level 1 in Staves
   880 | D:2      | Reached skill level 1 in Slings
   880 | D:2      | Reached skill level 1 in Bows
   880 | D:2      | Reached skill level 1 in Crossbows
   880 | D:2      | Reached skill level 1 in Throwing
   880 | D:2      | Reached skill level 1 in Dodging
   880 | D:2      | Reached skill level 1 in Stealth
   880 | D:2      | Reached skill level 1 in Unarmed Combat
   880 | D:2      | Reached skill level 1 in Spellcasting
   880 | D:2      | Reached skill level 1 in Evocations
   880 | D:2      | Reached XP level 4. HP: 41/41 MP: 5/5
  1042 | D:2      | Reached skill level 1 in Conjurations
  1042 | D:2      | Reached skill level 1 in Hexes
  1042 | D:2      | Reached skill level 1 in Charms
  1042 | D:2      | Reached skill level 1 in Summonings
  1042 | D:2      | Reached skill level 1 in Necromancy
  1042 | D:2      | Reached skill level 1 in Translocations
  1042 | D:2      | Reached skill level 1 in Transmutations
  1042 | D:2      | Reached skill level 1 in Fire Magic
  1042 | D:2      | Reached skill level 1 in Ice Magic
  1042 | D:2      | Reached skill level 1 in Air Magic
  1042 | D:2      | Reached skill level 1 in Earth Magic
  1042 | D:2      | Reached skill level 1 in Poison Magic
  1054 | D:2      | Reached XP level 5. HP: 47/47 MP: 6/6
  1315 | D:2      | Found a glowing silver altar of Zin.
  1355 | D:2      | Found a basalt altar of Yredelemnul.
  1358 | D:2      | Found a sacrificial altar of Ru.
  1362 | D:2      | Found a stormy altar of Qazlal.
  1362 | D:2      | Found a shadowy altar of Dithmenos.
  1362 | D:2      | Found a shattered altar of Ashenzari.
  1365 | D:2      | Found a burning altar of Makhleb.
  1784 | D:2      | Became a worshipper of Ashenzari the Shackled
  1969 | D:3      | Found a shimmering altar of Xom.
  1976 | D:3      | Noticed a centaur
  1982 | D:3      | Killed a centaur
  2221 | D:3      | Reached XP level 6. HP: 52/53 MP: 8/8
  3013 | D:4      | Reached skill level 5 in Axes
  3340 | D:4      | Reached XP level 7. HP: 59/59 MP: 10/10
  3583 | D:5      | Entered Level 5 of the Dungeon
  3588 | D:5      | Reached * piety under Ashenzari
  3612 | D:5      | Found an ancient bone altar of Kikubaaqudgha.
  4048 | D:5      | Found a staircase to the Ecumenical Temple.
  4425 | D:6      | Reached XP level 8. HP: 63/67 MP: 12/12
  5284 | D:7      | Found a large runed translucent door.
  5284 | D:7      | Found a large runed translucent door.
  5285 | D:7      | Noticed Borgoz's ghost (novice KoGl)
  5306 | D:7      | Killed Borgoz's ghost
  5306 | D:7      | Reached XP level 9. HP: 73/73 MP: 14/14
  5548 | D:7      | Identified the +11 spear of Action {pierce, -Tele +Fly MP+9
                  | Stlth+}
  5548 | D:7      | Noticed Harold
  5563 | D:7      | Mangled by Harold

Levels and vault maps discovered:
D:1:      nicolae_arrival_memento_mori, layout_loops_ring,
          chequers_serial_rivers_small_3, serial_park_tiny_pond
D:2:      layout_basic, zin_academy, minitemple, chequers_decorated_corner
D:3:      layout_loops_corners, lemuel_crystal_altar, first_ration
D:4:      layout_basic, serial_park_tiny_pond, small_statue_intersection
D:5:      layout_basic, old_standard_altar, minmay_temple_entry_statues_pillars
D:6:      layout_loops_ring
D:7:      layout_rooms, ebering_ghost_disaster_area, kennysheep_generic_room_4,
          uniq_duvessa, uniq_harold

Skill      XL: |  1  2  3  4  5  6  7  8  9 |
---------------+----------------------------+-----
Invocations    | 1 2 3 4 |  4.5
Short Blades   | 1 2 3 4 |  4.1
Long Blades    | 1 2 3 4 |  4.1
Maces & Flails | 1 2 3 4 |  4.1
Polearms       | 1 2 3 4 |  4.1
Staves         | 1 2 3 4 |  4.1
Slings         | 1 2 3 4 |  4.1
Bows           | 1 2 3 4 |  4.1
Crossbows      | 1 2 3 4 |  4.1
Throwing       | 1 2 3 4 |  4.1
Dodging        | 1 2 3 4 |  4.1
Stealth        | 1 2 3 4 |  4.1
Unarmed Combat | 1 2 3 4 |  4.1
Spellcasting   | 1 2 3 4 |  4.1
Evocations     | 1 2 3 4 |  4.1
Conjurations   | 1 2 3 |  3.4
Hexes          | 1 2 3 |  3.4
Charms         | 1 2 3 |  3.4
Summonings     | 1 2 3 |  3.4
Necromancy     | 1 2 3 |  3.4
Translocations | 1 2 3 |  3.4
Transmutations | 1 2 3 |  3.4
Fire Magic     | 1 2 3 |  3.4
Ice Magic      | 1 2 3 |  3.4
Air Magic      | 1 2 3 |  3.4
Earth Magic    | 1 2 3 |  3.4
Poison Magic   | 1 2 3 |  3.4
Axes           | 5 6 |  6.2
Fighting       | 7 |  7.8
Armour         | 7 |  7.8
Shields        | 7 |  7.8

Action                   |  1- 3 |  4- 6 |  7- 9 || total
-------------------------+-------+-------+-------++-------
Melee: War axe           |    50 |   159 |   256 ||   465
       Bite              |     9 |    21 |    45 ||    75
       Flail             |       |       |     8 ||     8
 Fire: Hunting sling     |       |    13 |    14 ||    27
Throw: Javelin           |    21 |     2 |       ||    23
Invok: Curse Item        |       |     1 |       ||     1
  Use: Scroll            |       |       |     5 ||     5
       Potion            |       |       |     4 ||     4
  Eat: Chunk             |       |     8 |     7 ||    15
Armor: Scale mail        |    25 |    61 |   131 ||   217
       Ring mail         |       |    12 |       ||    12
Dodge: Dodged            |    18 |    63 |   138 ||   219
Block: Shield            |    28 |   115 |   175 ||   318

Table legend:
 A = Non-vault XP
 B = Vault XP
 C = Vault XP percentage of total XP
 D = Non-vault monster count
 E = Vault monster count
 F = Vault count percentage of total count
                 A         B        C        D         E       F
            +---------+---------+-------+---------+---------+-------
      Total |    2587 |     680 |  20.8 |     123 |       1 |   0.8
            +---------+---------+-------+---------+---------+-------
        D:1 |      29 |       0 |   0.0 |      16 |       0 |   0.0
        D:2 |     158 |       0 |   0.0 |      24 |       0 |   0.0
        D:3 |     171 |       0 |   0.0 |      25 |       0 |   0.0
        D:4 |     328 |       0 |   0.0 |      11 |       0 |   0.0
        D:5 |     274 |       0 |   0.0 |       8 |       0 |   0.0
        D:6 |    1186 |       0 |   0.0 |      32 |       0 |   0.0
        D:7 |     441 |     680 |  60.7 |       7 |       1 |  12.5
            +---------+---------+-------+---------+---------+-------
